 Dungeon Crawl Stone Soup version 0.30.0-15-g856e2d3f33 (webtiles) character file.

Game seed: 9333917609052449769

60139 freelancePsychic the Impassioned (level 14, -12/123 HPs)
             Began as a Demonspawn Wanderer on May 18, 2023.
             Was a Believer of Uskayaw.
             Mangled by Saint Roka
             ... wielding a +0 long sword
              (20 damage)
             ... on level 1 of the Orcish Mines.
             The game lasted 00:32:00 (23658 turns).

freelancePsychic the Impassioned (DsWn)            Turns: 23658, Time: 00:32:01

Health: -12/123    AC: 16    Str: 19    XL:     14   Next: 55%
Magic:  26/26      EV: 11    Int: 20    God:    Uskayaw [**....]
Gold:   1735       SH:  4    Dex: 16    Spells: 13/13 levels left

rFire   . . .        V - +6 quick blade of Change {vamp, Will++ rCorr Int+3 Stlth+}
rCold   + . .        b - +0 buckler {AC+3}
rNeg    . . .        O - +0 acid dragon scales
rPois   .            (helmet unavailable)
rElec   .            d - +1 cloak
rCorr   +            Y - +0 pair of gloves
SInv    .            (no boots)
Will    +++..        t - amulet of faith
Stlth   ++++         g - +6 ring of strength
HPRegen 0.40/turn    W - ring of protection from cold
MPRegen 0.40/turn

%: faith
@: no status effects
A: horns 3, powered by pain 2, magic regeneration, sharp scales 3, hooves 1,
clever 1, deformed body
a: Renounce Religion, Stomp, Line Pass


You were on level 1 of the Orcish Mines.
You worshipped Uskayaw.
Uskayaw was most pleased with you.
You visited 4 branches of the dungeon, and saw 20 of its levels.
You also visited: Gauntlet.

You collected 1735 gold pieces.

Inventory:

Hand Weapons
 m - a +0 spectral double sword
 V - the +6 quick blade of Change (weapon) {vamp, Will++ rCorr Int+3 Stlth+}
   (You acquired it on level 2 of the Lair of Beasts)

   Int:       It affects your intelligence (+3).
   rCorr:     It protects you from acid and corrosion.
   Will:      It greatly increases your willpower.
   Stlth:     It makes you more stealthy.
Missiles
 c - 28 poisoned darts (quivered)
 f - a curare-tipped dart
 w - 11 javelins
 y - 4 throwing nets
Armour
 b - a +0 buckler of protection (worn)
 d - a +1 cloak (worn)
 p - the scarf of Objectivity {repulsion, +Inv Will- Str+7 Stlth-}
   (You found it on level 4 of the Dungeon)

   Str:       It affects your strength (+7).
   +Inv:      It lets you turn invisible.
   Will:      It decreases your willpower.
   Stlth:     It makes you less stealthy.
 q - a +1 chain mail of cold resistance
 O - +0 acid dragon scales (worn)
 Y - a +0 pair of gloves (worn)
Jewellery
 g - a +6 ring of strength (left hand)
 n - a ring of fire
 t - an amulet of faith (around neck)
 v - a +6 ring of strength
 C - a ring of ice
 E - a ring of resist corrosion
 N - the ring "Anadecu" {rN+ Str+6}
   (You found it in a Gauntlet)

   [ring of strength]

   Str:       It affects your strength (+6).
   rN:        It protects you from negative energy.
 W - a ring of protection from cold (right hand)
Wands
 a - a wand of mindburst (16)
 h - a wand of charming (14)
 H - a wand of polymorph (3)
 K - a wand of quicksilver (26)
 M - a wand of flame (9)
 T - a wand of digging (10)
Scrolls
 i - 2 scrolls of brand weapon
 j - a scroll of torment
 k - 3 scrolls of amnesia
 o - 3 scrolls of poison
 r - 6 scrolls of teleportation {@r4}
 s - 2 scrolls of enchant armour
 x - 4 scrolls of enchant weapon
 G - 3 scrolls of noise
 P - 4 scrolls of fog
 R - 3 scrolls of immolation
 X - 4 scrolls of identify {@r1}
Potions
 l - 3 potions of flight
 u - 4 potions of degeneration
 z - 2 potions of might
 A - 2 potions of curing {@q1}
 B - a potion of cancellation
 D - 2 potions of haste {@q3}
 F - 2 potions of resistance
 I - a potion of brilliance
 L - 3 potions of ambrosia
 S - 2 potions of lignification
Miscellaneous
 U - a phantom mirror
 Z - a lightning rod (inert)


   Skills:
 + Level 15.3 Fighting
 - Level 10.0(10.2) Short Blades
 * Level 3.4(7.2) Long Blades
 - Level 2.1 Throwing
 - Level 11.0 Armour
 - Level 1.6 Dodging
 - Level 6.0 Stealth
 - Level 1.7 Shields
 - Level 16.0 Invocations


You had 13 spell levels left.
You didn't know any spells.
Your spell library contained the following spells:

 Spells                   Type           Power      Damage    Failure   Level
 Necrotise                Necr           0%         1d4       30%         1
 Slow                     Hex            0%         N/A       30%         1
 Summon Small Mammal      Summ           0%         N/A       30%         1
 Cigotuvi's Dreadful Rot  Necr/Pois/Air  0%         N/A       41%         2
 Lesser Beckoning         Tloc           0%         N/A       41%         2
 Call Canine Familiar     Summ           0%         N/A       65%         3
 Confusing Touch          Hex            0%         N/A       65%         3
 Gell's Gravitas          Tloc           0%         N/A       65%         3
 Ozocubu's Armour         Ice            0%         N/A       65%         3
 Summon Guardian Golem    Hex/Summ       0%         N/A       65%         3
 Teleport Other           Tloc           0%         N/A       65%         3
 Tukima's Dance           Hex            0%         N/A       65%         3
 Vampiric Draining        Necr           0%         2d6       65%         3
 Animate Armour           Summ/Erth      0%         N/A       96%         4
 Dispel Undead            Necr           0%         3d6       96%         4
 Passage of Golubria      Tloc           0%         N/A       96%         4
 Agony                    Necr           0%         N/A       100%        5
 Blade Hands              Tmut           0%         N/A       100%        5
 Metabolic Englaciation   Hex/Ice        0%         N/A       100%        5
 Yara's Violent Unravell  Hex/Tmut       0%         3d3       100%        5
 Death Channel            Necr           0%         N/A       100%        6
 Iron Shot                Conj/Erth      0%         9d1       100%        6
 Simulacrum               Ice/Necr       0%         N/A       100%        6
 Ozocubu's Refrigeration  Ice            0%         4d7       100%        7


Dungeon Overview and Level Annotations

Branches:
Dungeon (12/15)            Temple (1/1) D:5            Lair (5/5) D:9
 Shoals (0/4) Lair:2       Spider (0/4) Lair:3        Slime (0/5) Lair:5
    Orc (2/2) D:12            Elf (0/3) Orc:2       Gauntlet (visited)

Altars:
Cheibriados
Dithmenos
Fedhas
Gozag
Kikubaaqudgha
Makhleb
Nemelex Xobeh
Okawaru
Ru
Sif Muna
Trog
Uskayaw
Vehumet
Wu Jian
Xom
Jiyva

Shops:
D:6 :

Portals:
Hell: Lair:5

Annotations:
D:4 4 runed translucent doors
Lair:4 Rupert
Orc:1 Saint Roka


Innate Abilities, Weirdness & Mutations

You have a pair of large horns on your head.
You sometimes gain power by taking damage.
You regenerate magic rapidly.
You are completely covered in razor-sharp scales. (AC +3, Slay +3)
You have large cloven feet.
Your mind is acute. (Int +4, Str/Dex -1)
Armour fits poorly on your strangely shaped body.


Message History

The thunderbolt hits Saint Roka!!
Saint Roka is moderately wounded.
Saint Roka calls down the wrath of Beogh upon you.
Beogh smites you!
* * * LOW HITPOINT WARNING * * *
Aiming: Thunderbolt
Press: ? - help, Shift-Dir - straight line, f/p - Saint Roka
Aim: Saint Roka, wielding a +0 long sword and wearing a +0 plate armour (moderately wounded)
The thunderbolt hits Saint Roka!!!
Saint Roka is heavily wounded.
Saint Roka barely misses you.
You can now pass through a line of other dancers.
Aiming: Thunderbolt
Press: ? - help, Shift-Dir - straight line, f/p - Saint Roka
Aim: Saint Roka, wielding a +0 long sword and wearing a +0 plate armour (heavily wounded)
The thunderbolt hits Saint Roka!!
Saint Roka is severely wounded.
The lightning rod overheats!
Saint Roka mumbles some strange prayers to Beogh against you.
Beogh smites you!
* * * LOW HITPOINT WARNING * * *
Unknown command.
Unknown command.
Unknown command.
Unknown command.
Unknown command.
Unknown command.
Unknown command.
Unknown command.
Unknown command.
Unknown command.
The lightning rod is presently inert.
Unknown command.
Aiming: Quicksilver Bolt
Press: ? - help, Shift-Dir - straight line, f/p - Saint Roka
Aim: Saint Roka, wielding a +0 long sword and wearing a +0 plate armour (severely wounded, 83% to hit)
The bolt of dispelling energy hits Saint Roka!
Saint Roka is severely wounded.
Saint Roka hits you with a +0 long sword!!
You die...

###......#
##........###
#...........###
#....<.)......##
###.......)......##
#.#......#[[.#....#
#.....##.#[[.....##
###..........[o...##
#.#..........@.....#
##......##.###.....#
#.........#.#.....##
##.#.............##
######........#.#
##.......####
#........##.##
###............#
##.....(.......##


You could see Saint Roka.

Vanquished Creatures
  Gastronok (Lair:2)
  A minotaur (Gauntlet)
  A dire elephant (Lair:5)
  A hell beast (Lair:5)
  Fannar (D:11)
  5 hydras
  2 centaur warriors (D:10)
  4 two-headed ogres (D:12)
  A boulder beetle (Lair:5)
  5 death yaks (Lair:4)
  A tengu warrior (D:10)
  Urug (Lair:3)
  Nergalle (Lair:2)
  A pharaoh ant (Lair:3)
  A skyshark (Lair:4)
  A wizard (Lair:5)
  A manticore (D:11)
  A worldbinder (Gauntlet)
  7 cyclopes
  An elephant (Lair:2)
  2 merfolk sirens (Lair:2)
  A guardian serpent (shapeshifter) (D:10)
  12 black mambas
  4 orange demons (Lair:5)
  A torpor snail (Lair:4)
  7 cane toads
  2 smoke demons
  A gargoyle (D:11)
  An unseen horror (D:8)
  Psyche (D:8)
  6 rime drakes
  7 komodo dragons
  An efreet (Gauntlet)
  A queen bee (Lair:2)
  2 ice devils (Lair:5)
  4 trolls
  2 polar bears
  2 merfolk (Lair:2)
  Grinder (D:3)
  6 blink frogs (Lair:5)
  7 dream sheep (Lair:5)
  2 tarantellas (Lair:3)
  A centaur simulacrum (D:10)
  A jumping spider (Lair:3)
  3 slime creatures
  37 yaks
  2 humans (D:10)
  6 wyverns
  Grum (D:8)
  4 basilisks
  4 steam dragons
  A fire elemental (Gauntlet)
  6 vampire mosquitoes (D:12)
  A warg (Orc:2)
  2 acid dragons
  19 water moccasins
  6 hell hounds
  6 black bears
  An ice beast (D:5)
  25 orc warriors
  An ogre (D:6)
  A boggart (Gauntlet)
  10 wolves
  11 centaurs
  3 kobold brigands
  A phantom (D:4)
  4 bullfrogs
  A gnoll sergeant (D:8)
  4 wights (D:7)
  29 killer bees
  6 howler monkeys
  3 electric eels (D:12)
  5 jellies
  3 crimson imps (Gauntlet)
  A hound (D:4)
  12 orc priests
  A gnoll bouda (D:8)
  4 sleepcaps
  2 iguanas
  19 orc wizards
  Natasha (twice) (D:3)
  2 hell rats (Lair:2)
  Robin (D:3)
  5 adders
  14 gnolls
  An ufetubus (D:4)
  5 worms
  6 dart slugs
  52 orcs
  9 endoplasms
  6 giant cockroaches
  15 goblins
  11 hobgoblins
  4 jackals
  17 kobolds
  3 quokkas
  8 ball pythons
  4 bats (D:1)
  2 rats (D:1)
525 creatures vanquished.

Vanquished Creatures (others)
  A tengu conjurer (D:10)
  A wyvern (D:10)
  2 orc wizards
  2 orcs (D:8)
6 creatures vanquished.

Grand Total: 531 creatures vanquished

Notes
Turn   | Place    | Note
-------+----------+-------------------------------------------
     0 | D:1      | freelancePsychic the Demonspawn Wanderer began the quest
                  | for the Orb.
     0 | D:1      | freelancePsychic set off with the following items: a +0
                  | short sword, a +0 buckler of protection, 9 poisoned darts,
                  | a +0 dagger, a scroll of blinking, a +0 leather armour.
     0 | D:1      | Reached XP level 1. HP: 19/19 MP: 1/1
   121 | D:1      | Gained mutation: You are partially covered in razor-sharp
                  | scales. (AC +1, Slay +1) [demonic ancestry]
   121 | D:1      | Reached XP level 2. HP: 17/25 MP: 2/2
   529 | D:1      | Gained mutation: You have a pair of small horns on your
                  | head. [demonic ancestry]
   529 | D:1      | Reached XP level 3. HP: 30/30 MP: 3/3
  1209 | D:2      | Reached XP level 4. HP: 9/38 MP: 4/4
  1457 | D:2      | Found a shimmering altar of Xom.
  2165 | D:3      | Noticed Robin
  2253 | D:3      | Killed Robin
  2254 | D:3      | Gained mutation: You have a pair of horns on your head.
                  | [demonic ancestry]
  2254 | D:3      | Reached XP level 5. HP: 28/43 MP: 5/5
  2492 | D:3      | Noticed Natasha
  2501 | D:3      | Killed Natasha
  2732 | D:3      | Noticed Grinder
  2784 | D:3      | Killed Grinder
  2785 | D:3      | Reached skill level 5 in Fighting
  2785 | D:3      | Reached skill level 5 in Short Blades
  2785 | D:3      | Gained mutation: You regenerate magic rapidly. [demonic
                  | ancestry]
  2785 | D:3      | Reached XP level 6. HP: 30/51 MP: 6/6
  2985 | D:3      | Identified the +1 robe of Mezcal {+Blink rC- Int+5}
  3035 | D:3      | Noticed Natasha
  3044 | D:3      | Killed Natasha
  3189 | D:4      | Found a large runed translucent door.
  3189 | D:4      | Found a large runed translucent door.
  3195 | D:4      | Noticed a two-headed ogre
  3200 | D:4      | Identified the +1 war axe "Zoalum Tucut" {heavy, rElec
                  | Dex+5}
  3207 | D:4      | Identified the scarf of Objectivity {repulsion, +Inv Will-
                  | Str+7 Stlth-}
  3255 | D:4      | Found a large runed translucent door.
  3255 | D:4      | Found a large runed translucent door.
  3273 | D:4      | Noticed a wyvern
  3277 | D:4      | Gained mutation: You occasionally lose the ability to read
                  | scrolls when taking damage. [potion of mutation]
  3277 | D:4      | Gained mutation: Armour fits poorly on your strangely
                  | shaped body. [potion of mutation]
  3277 | D:4      | Gained mutation: A frigid envelope surrounds you and
                  | freezes all who hurt you. [potion of mutation]
  3281 | D:4      | Killed a wyvern
  3282 | D:4      | Reached XP level 7. HP: 8/57 MP: 7/7
  3462 | D:4      | Lost mutation: A frigid envelope surrounds you and freezes
                  | all who hurt you. [potion of mutation]
  3462 | D:4      | Lost mutation: Armour fits poorly on your strangely shaped
                  | body. [potion of mutation]
  3462 | D:4      | Gained mutation: You are dopey. (Int -2) [potion of
                  | mutation]
  3462 | D:4      | Gained mutation: You have supernaturally acute eyesight.
                  | (SInv) [potion of mutation]
  4231 | D:5      | Entered Level 5 of the Dungeon
  4370 | D:5      | Found a shimmering blue altar of Sif Muna.
  4626 | D:5      | Gained mutation: You sometimes gain a little power by
                  | taking damage. [demonic ancestry]
  4626 | D:5      | Reached XP level 8. HP: 36/65 MP: 8/8
  5602 | D:5      | Found a staircase to the Ecumenical Temple.
  5611 | Temple   | Entered the Ecumenical Temple
  5629 | Temple   | Became a worshipper of Uskayaw the Reveller
  5725 | D:5      | Reached * piety under Uskayaw
  5727 | D:5      | Reached ** piety under Uskayaw
  5731 | D:5      | Found a shimmering altar of Xom.
  5733 | D:5      | Reached *** piety under Uskayaw
  5737 | D:5      | Reached **** piety under Uskayaw
  6081 | D:6      | Found a burning altar of Makhleb.
  6089 | D:6      | Reached skill level 1 in Invocations
  6151 | D:6      | Reached skill level 2 in Invocations
  6931 | D:6      | Found Leokh's Book Emporium.
  7118 | D:7      | Reached skill level 3 in Invocations
  7510 | D:7      | Reached skill level 4 in Invocations
  7510 | D:7      | Gained mutation: You are mostly covered in razor-sharp
                  | scales. (AC +2, Slay +2) [demonic ancestry]
  7510 | D:7      | Reached XP level 9. HP: 72/72 MP: 10/12
  7521 | D:7      | Reached ***** piety under Uskayaw
  7707 | D:7      | Found an opulent altar of Gozag.
  7707 | D:7      | Found a sacrificial altar of Ru.
  8042 | D:8      | Noticed Psyche
  8059 | D:8      | Killed Psyche
  8060 | D:8      | Reached skill level 5 in Invocations
  8197 | D:8      | Noticed a six-headed hydra
  8317 | D:8      | Noticed Grum
  8334 | D:8      | Killed Grum
  8339 | D:8      | Reached skill level 6 in Invocations
  8414 | D:8      | Found an ornate altar of the Wu Jian Council.
  8493 | D:8      | Identified the +4 hand axe of Qepanky {drain, rC- rN+ MP+9
                  | Int+8}
  8501 | D:8      | Noticed a tengu warrior
  8504 | D:8      | Reached skill level 10 in Short Blades
  8754 | D:9      | Reached ****** piety under Uskayaw
  8755 | D:9      | Reached skill level 7 in Invocations
  8755 | D:9      | Gained mutation: You have a pair of large horns on your
                  | head. [demonic ancestry]
  8755 | D:9      | Reached XP level 10. HP: 42/82 MP: 15/15
  8898 | D:9      | Found a blossoming altar of Fedhas.
  8898 | D:9      | Found an ancient bone altar of Kikubaaqudgha.
  9031 | D:9      | Reached skill level 1 in Stealth
  9383 | D:9      | Reached skill level 10 in Fighting
  9453 | D:9      | Found a staircase to the Lair.
  9781 | D:8      | Reached skill level 5 in Stealth
 10290 | D:10     | Entered Level 10 of the Dungeon
 10459 | D:10     | Reached skill level 1 in Armour
 10639 | D:10     | Found a radiant altar of Vehumet.
 10689 | D:10     | Found an iron altar of Okawaru.
 10764 | D:10     | Noticed a centaur warrior
 10772 | D:10     | Killed a centaur warrior
 10933 | D:10     | Reached skill level 8 in Invocations
 10933 | D:10     | Reached XP level 11. HP: 91/92 MP: 15/17
 11218 | D:10     | Noticed a centaur warrior
 11218 | D:10     | Noticed a tengu warrior
 11218 | D:10     | Noticed a catoblepas
 11693 | D:11     | Noticed Fannar
 11715 | D:11     | Killed Fannar
 12054 | D:11     | Reached skill level 9 in Invocations
 12307 | D:11     | Found a hide-covered altar of Uskayaw.
 12915 | D:10     | Killed a centaur warrior
 13177 | D:10     | Reached skill level 10 in Invocations
 13189 | D:10     | Killed a tengu warrior
 13190 | D:10     | Reached skill level 5 in Armour
 13581 | Lair:1   | Entered Level 1 of the Lair of Beasts
 14437 | Lair:1   | Reached skill level 11 in Invocations
 14438 | Lair:1   | Gained mutation: You sometimes gain power by taking damage.
                  | [demonic ancestry]
 14438 | Lair:1   | Reached XP level 12. HP: 95/102 MP: 20/20
 15573 | Lair:2   | Reached skill level 12 in Invocations
 15612 | Lair:2   | Found a staircase to the Shoals.
 15623 | Lair:2   | Noticed a six-headed hydra
 15635 | Lair:2   | Killed a six-headed hydra
 15791 | Lair:2   | Noticed Nergalle
 15812 | Lair:2   | Killed Nergalle
 16135 | Lair:2   | Lost mutation: You occasionally lose the ability to read
                  | scrolls when taking damage. [potion of mutation]
 16135 | Lair:2   | Lost mutation: You have supernaturally acute eyesight.
                  | (SInv) [potion of mutation]
 16135 | Lair:2   | Gained mutation: You sometimes lose your temper in combat.
                  | [potion of mutation]
 16135 | Lair:2   | Gained mutation: You have large cloven feet. [potion of
                  | mutation]
 16135 | Lair:2   | Gained mutation: Your skin changes colour to match your
                  | surroundings (Stealth+). [potion of mutation]
 16136 | Lair:2   | Lost mutation: You are dopey. (Int -2) [potion of mutation]
 16136 | Lair:2   | Lost mutation: You sometimes lose your temper in combat.
                  | [potion of mutation]
 16136 | Lair:2   | Lost mutation: Your skin changes colour to match your
                  | surroundings (Stealth+). [potion of mutation]
 16136 | Lair:2   | Gained mutation: Your mind is acute. (Int +4, Str/Dex -1)
                  | [potion of mutation]
 16136 | Lair:2   | Gained mutation: Armour fits poorly on your strangely
                  | shaped body. [potion of mutation]
 16174 | Lair:2   | Noticed Gastronok
 16201 | Lair:2   | Killed Gastronok
 16581 | Lair:2   | Identified a scroll of acquirement
 16581 | Lair:2   | Acquired the +6 quick blade of Change {vamp, Will++ rCorr
                  | Int+3 Stlth+}
 16603 | Lair:2   | Reached skill level 13 in Invocations
 17120 | Lair:3   | Found a hole to the Spider Nest.
 17143 | Lair:3   | Gained mutation: You are completely covered in razor-sharp
                  | scales. (AC +3, Slay +3) [demonic ancestry]
 17143 | Lair:3   | Reached XP level 13. HP: 111/111 MP: 23/23
 17421 | Lair:3   | Noticed Urug
 17445 | Lair:3   | Killed Urug
 18058 | Lair:4   | Identified the +0 plate armour of Experimentation {Harm Fly
                  | Regen+}
 18111 | Lair:4   | Reached skill level 14 in Invocations
 18592 | Lair:4   | Noticed Rupert
 19152 | Lair:5   | Entered Level 5 of the Lair of Beasts
 19252 | Lair:5   | Found a viscous altar of Jiyva.
 19252 | Lair:5   | Found a staircase to the Slime Pits.
 19352 | Lair:5   | Reached skill level 15 in Invocations
 19589 | Lair:5   | HP: 2/114 [poisoned by a black mamba]
 19919 | Lair:5   | Reached skill level 10 in Armour
 20058 | Lair:5   | Reached XP level 14. HP: 121/121 MP: 25/25
 20188 | Lair:5   | Found a burning altar of Makhleb.
 20365 | Lair:5   | Found a gateway to Hell.
 20505 | Lair:5   | Reached skill level 16 in Invocations
 21053 | D:12     | Reached skill level 15 in Fighting
 21418 | D:12     | Found a gate leading to a gauntlet.
 21450 | Gauntlet | Entered a Gauntlet
 21450 | Gauntlet | Found a transporter.
 21450 | Gauntlet | Found a transporter.
 21457 | Gauntlet | Found a transporter.
 21458 | Gauntlet | Found a transporter.
 21461 | Gauntlet | Found a transporter.
 21463 | Gauntlet | Found a transporter.
 21468 | Gauntlet | Found a transporter.
 21470 | Gauntlet | Found a transporter.
 21470 | Gauntlet | Found a transporter.
 21472 | Gauntlet | Found a transporter.
 21480 | Gauntlet | Found a transporter.
 21480 | Gauntlet | Found a transporter.
 21802 | Gauntlet | Identified the ring "Anadecu" {rN+ Str+6}
 21815 | Gauntlet | Reached skill level 1 in Dodging
 21987 | Gauntlet | Identified the +2 hat of the Hunter {Str+5}
 22051 | Gauntlet | Identified the +6 broad axe of the Six Songs {flame, Will++
                  | Dex+3}
 22286 | D:12     | Reached skill level 1 in Long Blades
 22430 | D:12     | Found a staircase to the Orcish Mines.
 22439 | Orc:1    | Entered Level 1 of the Orcish Mines
 22569 | Orc:2    | Entered Level 2 of the Orcish Mines
 22569 | Orc:2    | Found a staircase to the Elven Halls.
 22792 | Orc:2    | Noticed Saint Roka
 23658 | Orc:1    | Mangled by Saint Roka

Illustrated notes

Levels and vault maps discovered:
D:1:      giann_horns, layout_basic, corexii_leaking_fountain,
          roderic_serpentine_path
D:2:      layout_loops_corners, basic_altar
D:3:      layout_basic, serial_bayou, serial_bayou_shore_a, serial_bayou_pond_d,
          serial_bayou_pond_e, serial_bayou_pond_a, uniq_robin, uniq_grinder,
          uniq_natasha
D:4:      layout_loops_ring, minmay_hollow_rounded_squares
D:5:      layout_loops_corners, tgw_xom,
          mainiacjoe_overflow_concentric_impassable, temple_hall,
          hellmonk_bongcloud_opening, serial_park_tiny_1,
          chequers_serial_rivers_room_a, roderic_roman_lattice
D:6:      layout_loops_ring, bloody_makhleb, serial_shops,
          nicolae_lakefront_shop, chequers_serial_rivers_room_a,
          dk_rats_in_the_wall
D:7:      layout_basic, nicolae_overflow_squiral
D:8:      layout_gridville, good_gods_temple_1,
          nicolae_wu_jian_immortal_techniques, minmay_the_grid_2x2
          [minmay_the_grid_eight, minmay_the_grid_aliased_spiral,
          minmay_the_grid_square_x, minmay_the_grid_prize_four_corners],
          uniq_psyche, uniq_grum
D:9:      layout_stronghold, grunt_temple_overflow_growth_and_decay,
          due_lair_maze_entry_diamond, serial_glass, glass_columns_b,
          glass_columns_b
D:10:     layout_roguey, overflow_temple_1_default, okawaru_humans, minivault_28
D:11:     layout_loops_corners, nicolae_uskayaw_dance_hall, uniq_fannar
D:12:     layout_long_grid, erik_orc_2, gauntlet_entry_generic
Temple:   chequers_temple_sunken
Lair:1:   layout_misc_corridors, beast_lair_carwin_10
Lair:2:   regret_index_wax_grids, layout_small_grid, elwin_shoals_entry_stream,
          grunt_forest_stairs_basic, nicolae_quartered_pool_impasse,
          serial_bayou_pond_e, grunt_megastairs_5, uniq_gastronok, uniq_nergalle
Lair:3:   layout_roguey, nicolae_spider_entry_lesser_pyramids, uniq_urug
Lair:4:   beast_lair_carwin_large_2, layout_concentric_octagons, uniq_rupert
Lair:5:   evil_forest, layout_regular_city, slime_entry_1
Orc:1:    layout_diamond_mine, ebering_ghost_rock_garden, minmay_orc_keep,
          uniq_erica
Orc:2:    st_orc_rangers, layout_caves, special_room, nicolae_orc_rich_vein,
          uniq_erolcha, uniq_saint_roka

Skill      XL: |  1  2  3  4  5  6  7  8  9 10 11 12 13 14 |
---------------+-------------------------------------------+-----
Short Blades   | 2 3 5 6 7 8 10 | 10.0
Throwing       | 2 |  2.1
Fighting       | 5 6 7 8 10 11 13 14 15 | 15.3
Invocations    | 4 7 8 11 13 15 16 | 16.0
Stealth        | 6 |  6.0
Armour         | 2 5 8 10 11 | 11.0
Dodging        | 1 |  1.6
Long Blades    | 3 |  3.4
Shields        | |  1.7

Action                     |  1- 3 |  4- 6 |  7- 9 | 10-12 | 13-15 || total
---------------------------+-------+-------+-------+-------+-------++-------
  Melee: Short sword       |   181 |   130 |   432 |    46 |       ||   789
         Headbutt          |    15 |    27 |   112 |   169 |   180 ||   503
         Unarmed           |       |       |     9 |       |       ||     9
         Dagger            |       |       |       |   574 |       ||   574
         Quick blade       |       |       |       |    76 |   616 ||   692
         Kick              |       |       |       |    37 |   272 ||   309
  Throw: Dart              |     1 |    24 |     6 |     1 |       ||    32
 Invoke: Stomp             |       |       |       |     5 |     3 ||     8
         Line Pass         |       |       |       |     2 |       ||     2
         Grand Finale      |       |       |       |       |     1 ||     1
  Evoke: Wand              |       |       |     1 |       |     6 ||     7
         Lightning rod     |       |       |       |       |     4 ||     4
    Use: Scroll            |     2 |     1 |    11 |    12 |    10 ||    36
         Potion            |     1 |     2 |     1 |     8 |     9 ||    21
   Stab: Sleeping          |     1 |     1 |     1 |     5 |     6 ||    14
         Paralysed         |       |       |    20 |    53 |    45 ||   118
         Confused          |       |       |     1 |     1 |       ||     2
         Invisible         |       |       |       |     3 |     4 ||     7
         Petrified         |       |       |       |     5 |       ||     5
         Distracted        |       |       |       |     1 |       ||     1
 Armour: Leather armour    |    66 |    42 |    16 |       |       ||   124
         Chain mail        |       |       |   151 |   117 |       ||   268
         Skin              |       |       |     3 |       |     2 ||     5
         Acid dragon scale |       |       |       |   106 |   157 ||   263
  Dodge: Dodged            |    67 |    35 |   118 |   161 |   192 ||   573
  Block: Buckler           |    33 |    12 |    49 |    94 |    63 ||   251
